 Dungeon Crawl Stone Soup version 0.29.1-2-gbd0b4ee654 (webtiles) character file.

Game seed: 7458799467538629184

24 cdecastro the Ducker (level 2, 0/14 HPs)
             Began as a Felid Berserker on Nov 10, 2022.
             Was a Follower of Trog.
             Frozen to death by an endoplasm (5 damage)
             ... on level 2 of the Dungeon.
             The game lasted 00:01:31 (1235 turns).

cdecastro the Ducker (Felid Berserker)              Turns: 1235, Time: 00:01:32

Health: 0/14       AC:  1    Str: 13    XL:     2   Next: 79%
Magic:  3/3        EV: 18    Int:  8    God:    Trog [*.....]
Gold:   159        SH:  0    Dex: 15    Spells: 1/1 levels left
                                        Lives:  0   Deaths: 0

rFire   . . .      SeeInvis +     - Unarmed
rCold   . . .      Faith    .   (shield unavailable)
rNeg    . . .      Spirit   .   (body armour unavailable)
rPois   .          Reflect  .   (helmet unavailable)
rElec   .          Harm     .   (cloak unavailable)
rCorr   .          Rampage  .   (gloves unavailable)
Will    .....                   (boots unavailable)
Stlth   +.........              (no amulet)
HPRegen 0.04/turn               (no ring)
MPRegen 0.08/turn               (no ring)

@: quick
A: very small, claws 1, fangs 3, see invisible, speed 1, shaggy fur 1, stealthy
paws, no weapons or thrown items, no armour, multi-lived
a: Renounce Religion, Berserk


You were on level 2 of the Dungeon.
You worshipped Trog.
Trog was aware of your devotion.
You visited 1 branch of the dungeon, and saw 2 of its levels.

You collected 159 gold pieces.

Inventory:

Jewellery
 h - a ring of fire
Scrolls
 a - 6 scrolls of identify {unknown}
 b - 2 scrolls of teleportation {unknown}
 c - a scroll of immolation {unknown}
 g - a scroll of butterflies {unknown}
Potions
 d - a potion of flight {unknown}
 e - a potion of heal wounds {unknown}
 f - a potion of degeneration {unknown}
 i - a potion of resistance {unknown}


   Skills:
 - Level 3.0 Fighting
 + Level 4.5 Dodging
 * Level 3.7 Unarmed Combat


You had one spell level left.
You didn't know any spells.
Your spell library was empty.

Dungeon Overview and Level Annotations

Branches:
Dungeon (2/15)

Altars:


Innate Abilities, Weirdness & Mutations

You have sharp claws.
You have razor-sharp teeth.
You have supernaturally acute eyesight. (SInv)
You cover ground quickly. (Speed+)
You are covered in fur. (AC +1)
Your paws help you pounce on unaware monsters.
You are incapable of wielding weapons or throwing items.
You cannot wear armour.
You gain extra lives every three experience levels.


Message History

The worm barely misses you.
You scratch the worm but do no damage.
The worm is heavily wounded.
You barely miss the worm.
The worm is heavily wounded.
The worm completely misses you.
You claw the worm!
You kill the worm!
Trog accepts your kill.
No target in view!
No target in view!
Found a throwing net.
A worm comes into view.
Found a runed scarf.
A worm is nearby!
A worm is nearby!
A worm is nearby!
An endoplasm comes into view.
Found a short sword.
Found 12 gold pieces.
The endoplasm quivers.
You don't know any spells.
You scratch the worm but do no damage. The endoplasm freezes you.
You are frozen.
The worm bites you.
You are too injured to fight recklessly!
You are too injured to fight recklessly!
You are too injured to fight recklessly!
You scratch the worm but do no damage. The endoplasm closely misses you.
The worm completely misses you.
You scratch the worm.
The worm is moderately wounded.
The endoplasm freezes you.
You are frozen.
* * * LOW HITPOINT WARNING * * *
You barely miss the worm. You bite the worm, but do no damage.
The worm is moderately wounded.
The endoplasm freezes you.
You are frozen.
You die...

........#.....####.
#....................
###$..................^
#....#.................
#....#.................
#.)..#........##.......
#.............##.......
##....w.........#.......
#.....J@........#.......
#...............#.......
#.......................
#.......................
#......(.............[..
#..........######.......
#..........# #.......
#...[......# ########
..........#


You could see a worm and an endoplasm.

Vanquished Creatures
  A worm (D:2)
  A dart slug (D:2)
  3 bats
  An endoplasm (D:2)
  2 hobgoblins (D:1)
  A quokka (D:1)
  4 ball pythons
  4 frilled lizards
  3 kobolds
20 creatures vanquished.

Notes
Turn   | Place    | Note
-------+----------+-------------------------------------------
     0 | D:1      | cdecastro the Felid Berserker began the quest for the Orb.
     0 | D:1      | Reached XP level 1. HP: 10/10 MP: 2/2
   440 | D:1      | Reached XP level 2. HP: 14/14 MP: 3/3
   719 | D:2      | Found a faded altar of an unknown god.
  1235 | D:2      | Frozen to death by an endoplasm

Illustrated notes

Levels and vault maps discovered:
D:1:      matt_arrival_debris, layout_rooms
D:2:      layout_basic, shapermc_ecumenical_altar_acropolis, uniq_sigmund

Action                   || total
-------------------------++-------
Melee: Unarmed           ||    56
       Bite              ||     4
       Punch             ||     1
 Stab: Sleeping          ||     1
Armor: Skin              ||     4
Dodge: Dodged            ||    38
